 Dungeon Crawl Stone Soup version 0.31-a0-198-g2ad674f65e (webtiles) character file.

Game seed: 2619228743279176568

65 qw the Shooter (level 3, -3/20 HPs)
             Began as a Deep Elf Hunter on June 25, 2023.
             Slain by a gnoll
             ... wielding a +0 whip
              (7 damage)
             ... on level 2 of the Dungeon.
             The game lasted 00:00:25 (765 turns).

qw the Shooter (Deep Elf Hunter)                     Turns: 765, Time: 00:00:26

Health: -3/20      AC:  6    Str: 10    XL:     3   Next: 94%
Magic:  5/5        EV:  9    Int: 13    God:
Gold:   63         SH:  0    Dex: 18    Spells: 2/2 levels left

rFire   . . .        Y - +0 shortbow
rCold   . . .        (shield currently unavailable)
rNeg    . . .        e - +0 scale mail
rPois   .            (no helmet)
rElec   .            (no cloak)
rCorr   .            (no gloves)
SInv    .            (no boots)
Will    .....        (no amulet)
Stlth   +            (no ring)
HPRegen 0.23/turn    (no ring)
MPRegen 0.09/turn

%: no passive effects
@: no status effects
A: no striking features
a: no special abilities


You were on level 2 of the Dungeon.
You visited 1 branch of the dungeon, and saw 2 of its levels.

You collected 63 gold pieces.


   Skills:
 - Level 1.5 Fighting
 + Level 7.4 Ranged Weapons
 - Level 2.4 Dodging
 - Level 1.2 Stealth


You had 2 spell levels left.
You didn't know any spells.
Your spell library was empty.

Inventory:

Hand Weapons
 Y - a +0 shortbow (weapon)
Armour
 e - a +0 scale mail (worn)
Scrolls
 a - 2 scrolls of fear {unknown}
 d - a scroll of brand weapon {unknown}
 h - a scroll of identify {unknown}
Potions
 b - a potion of curing {unknown}
 c - a potion of resistance {unknown}
 f - a potion of heal wounds {unknown}
 g - a potion of haste {unknown}

Dungeon Overview and Level Annotations

Branches:
Dungeon (2/15)

Altars:


Message History

4 gnolls come into view.
A gnoll is wielding a +0 flail of pain.
The gnoll shouts! x3
The gnoll hits the plant with a +0 whip!
The plant begins to die.
The gnoll hits the plant with a +0 flail of pain!
The gnoll moves out of view.
Enter note:
Enter note:
Enter note:
Enter note: You shoot an arrow.
The arrow barely misses the gnoll.
The arrow hits the plant.
The plant is lightly damaged.
The gnoll hits the plant with a +0 whip!
You shoot an arrow. The arrow hits the gnoll!
The gnoll is heavily wounded.
You shoot an arrow. The arrow hits the gnoll!
You kill the gnoll!
A nearby plant withers and dies.
You shoot an arrow. The arrow closely misses the gnoll.
The arrow hits the gnoll.
The gnoll is lightly wounded.
The gnoll hits you but does no damage.
You shoot an arrow. The arrow hits the gnoll!
The gnoll is heavily wounded.
The gnoll hits you with a +0 flail of pain!
The gnoll hits the plant with a +0 whip.
The plant begins to die.
You shoot an arrow. The arrow hits the gnoll.
The gnoll is almost dead.
The gnoll splashes around in the water.
You shoot an arrow. The arrow barely misses the gnoll.
The arrow hits the plant.
The plant begins to die.
The plant is lightly damaged.
The gnoll hits you with a +0 flail of pain!
The gnoll hits you with a +0 whip.
You shoot an arrow. The arrow hits the gnoll.
You kill the gnoll!
You hear a splash.
The gnoll hits you with a +0 whip!
You die...

#...)......##
#......###..#
#.......P...# ##
#....P~~~P..# .###
#....~.~~~.## ...#
##...~~.~~## ##(##
##7~~~~~~.# #..###
#.~~~~~~7#
##...###.~~~~P)@#
#####..##P~~~~~7g#
.. ##.##7~.~~~gP#
.# #.##.~P~~7~##
'##+##..#.P.~P..
......#.#....P..
......#>...?....
......#####
####### ......#
#<#


You could see 2 gnolls.

Vanquished Creatures
  2 gnolls (D:2)
  A worm (D:2)
  3 dart slugs (D:1)
  5 ball pythons (D:1)
  7 bats
  4 endoplasms
  4 goblins
  5 hobgoblins
  6 kobolds
  4 quokkas
  2 frilled lizards
  A rat (D:2)
44 creatures vanquished.

Notes
Turn   | Place    | Note
-------+----------+-------------------------------------------
     0 | D:1      | qw the Deep Elf Hunter began the quest for the Orb.
     0 | D:1      | Reached XP level 1. HP: 12/12 MP: 3/3
     0 | D:1      | 0 ||| qw: Version: 0.3-a-22-g0ed2b0b
     0 | D:1      | 0 ||| qw: Game counter: 5246
     0 | D:1      | 0 ||| qw: Melee chars always use a shield: true
     0 | D:1      | 0 ||| qw: God list: Okawaru
     0 | D:1      | 0 ||| qw: Allow faded altars: false
     0 | D:1      | 0 ||| qw: Do Orc after clearing Dungeon:15 true
     0 | D:1      | 0 ||| qw: Do second Lair branch before Depths: true
     0 | D:1      | 0 ||| qw: Lair rune preference: random
     0 | D:1      | 0 ||| qw: Goals: Normal
     0 | D:1      | 0 ||| PLANNING D:1-11
    44 | D:1      | Reached XP level 2. HP: 16/16 MP: 4/4
    46 | D:1      | Reached skill level 6 in Ranged Weapons
   213 | D:1      | Reached XP level 3. HP: 20/20 MP: 5/5
   351 | D:1      | Found a faded altar of an unknown god.
   426 | D:1      | 426 ||| UPGRADING to +0 scale mail.
   436 | D:1      | 436 ||| DROPPING +0 leather armour.
   437 | D:1      | 437 ||| READING scroll labelled LUVATO LY WES.
   442 | D:1      | 442 ||| DROPPING scroll of butterflies.
   535 | D:2      | Reached skill level 7 in Ranged Weapons
   764 | D:2      | HP: 4/20 [gnoll/+0 flail of pain (7)]
   765 | D:2      | Slain by a gnoll

Levels and vault maps discovered:
D:1:      wander_arrival_peaceful_grave, layout_rooms,
          shapermc_ecumenical_altar_mp_vishouse
D:2:      layout_basic, serial_bayou_pond_b, grunt_decor_mini_mirrors,
          nrook_loot_triangle

Skill      XL: |  1  2  3 |
---------------+----------+-----
Ranged Weapons | 6 7 |  7.4
Fighting       | |  1.5
Dodging        | |  2.4
Stealth        | |  1.2

Action                     || total
---------------------------++-------
   Fire: Shortbow          ||   115
    Use: Scroll            ||     1
 Armour: Leather armour    ||     3
         Scale mail        ||    14
  Dodge: Dodged            ||    14

Table legend:
 A = Non-vault XP
 B = Vault XP
 C = Vault XP percentage of total XP
 D = Non-vault monster count
 E = Vault monster count
 F = Vault count percentage of total count
                 A         B        C        D         E       F
            +---------+---------+-------+---------+---------+-------
      Total |     107 |       2 |   1.8 |      43 |       1 |   2.3
            +---------+---------+-------+---------+---------+-------
        D:1 |      60 |       0 |   0.0 |      32 |       0 |   0.0
        D:2 |      47 |       2 |   4.1 |      11 |       1 |   8.3
            +---------+---------+-------+---------+---------+-------
